Lowell Devils vs Buffalo Bisons

Created - 16 avril 2024 at 10:15

Goals
1 2 3 OT1 T
Lowell Devils 1 3 3 1 8
Buffalo Bisons 2 3 2 0 7
Shots
1 2 3 OT1 T
Lowell Devils 4 23 17 1 45
Buffalo Bisons 13 17 7 0 37

GoalsPenalties
1st period
1. Buffalo Bisons , Pierrick Dube 22 (Sebastian AhoD 58, Josiah Slavin 2) at 0:56
2. Lowell Devils , Jack Studnicka 42 (Calle Rosen 5, Lane Pederson 59) at 3:14
3. Buffalo Bisons , Mackenzie Entwistle 59 (Brett Leason 56, Sebastian AhoD 59) at 6:51
Aliaksei Protas (BIS) for Fighting (Major) at 0:13
Matthew Phillips (DEV) for Fighting (Major) at 0:13
Trey Fix-Wolansky (DEV) for Slashing (Minor) at 16:54
2nd period
4. Lowell Devils , Nikolai Knyzhov 7 (Tanner Pearson 11, Matthew Phillips 126) at 0:41 (PP)
5. Buffalo Bisons , Samuel Fagemo 38 (Wyatt Kalynuk 42, Sebastian AhoD 60) at 7:15
6. Lowell Devils , Matthew Phillips 86 (Nikolai Knyzhov 43, Tanner Pearson 12) at 7:29
7. Buffalo Bisons , Brett Leason 43 (Logan Hutsko 46, Samuel Fagemo 29) at 14:48 (PP)
8. Buffalo Bisons , Mackenzie Entwistle 60 (Brett Leason 57, Sebastian AhoD 61) at 15:18
9. Lowell Devils , Trey Fix-Wolansky 87 (Matthew Phillips 127, Tanner Pearson 13) at 18:55
Bobby McMann (BIS) for High sticking (Minor) at 0:15
Billy Sweezey (BIS) for Fighting (Major) at 4:24
Tobias Bjornfot (DEV) for Fighting (Major) at 4:24
Tanner Pearson (DEV) for Roughing (Minor) at 14:17
Brett Leason (BIS) for Tripping (Minor) at 19:23
3rd period
10. Lowell Devils , Tanner Pearson 16 (Calen Addison 111, Nikolai Knyzhov 44) at 7:30
11. Lowell Devils , Nick Abruzzese 16 (Calen Addison 112, Arshdeep Bains 29) at 11:39
12. Buffalo Bisons , Aliaksei Protas 60 (Sebastian AhoD 62) at 11:45
13. Lowell Devils , Calen Addison 17 (Jan Jenik 45) at 14:20
14. Buffalo Bisons , Logan Hutsko 33 (Mackenzie Entwistle 76, Brett Leason 58) at 15:33
No Penalty
Overtime #1
15. Lowell Devils , Matthew Phillips 87 (Trey Fix-Wolansky 121) at 0:29
No Penalty
Goalie Stats
Dustin Wolf (DEV), 30 saves from 37 shots - (0,811), W, 33-14-3, 60:29 minutes
Filip Lindberg (BIS), 37 saves from 45 shots - (0,822), OTL, 10-7-2, 60:29 minutes
3 StarsOfficial
1 - Sebastian AhoD (BIS)
2 - Matthew Phillips (DEV)
3 - Nikolai Knyzhov (DEV)
Referees : Mitch Dunning and Justin Kea
Linesman : Jonny Murray and Pierre Racicot
Game Note
Aliaksei Protas and Matthew Phillips fight to a draw at 0:13 of 1st period
3:02 of 2nd period - Lowell Devils goal is going for a video replay. After video review, No Goal. The attacking player has interfered with a goalkeeper in his goal crease.
Billy Sweezey and Tobias Bjornfot fight to a draw at 4:24 of 2nd period
Finance
Level 1 -- Attendance: 1986 (99,30%) -- Ticket Income $59,580
Level 2 -- Attendance: 887 (88,70%) -- Ticket Income $11,531
Total Attendance: 2873 (95,77%)
Total Ticket Income: $71,111
Other Income: $34,844
Total Income: $105,955



Team Name Goals Shots Shots Attemp Shots Blocked PIM HIT PP PK FO%
Lowell Devils 845841114221 / 2 (50%)162%
Buffalo Bisons 73775814261 / 2 (50%)138%

Lowell Devils
Player Name POS G A P +/- PIM HIT SHT SB MP PP MP PP SHT PK MP PK SHT FO% FOT GA TA
Arshdeep BainsLW/RW0110001013:340:0001:0500% 200
Calen AddisonD1232024329:452:0611:4700% 002
Calle RosenD0110002119:270:1900:4300% 000
Cross HanasLW/RW000000017:590:0000:0000% 000
Jack StudnickaC/RW101-1006115:520:4300:00044% 921
Jan JenikC/LW/RW0110003011:420:0000:00080% 500
Jaret Anderson-DolanC/LW0000001114:340:0000:50050% 421
Kyle CapobiancoD0001002018:190:1900:4300% 000
Lane PedersonC/LW/RW011-1012015:520:4300:0000% 020
Matt KierstedD000-2010012:250:0000:0000% 001
Matthew PhillipsC/LW/RW2242563021:341:4201:33067% 4501
Nick AbruzzeseC/LW101000107:590:0000:0000% 010
Nikolai KnyzhovD1232035229:452:0631:4700% 001
Radim ZohornaC/LW/RW000-1023117:080:4300:3700% 101
Ruslan IskhakovC000000307:590:0000:00075% 400
Tanner PearsonLW/RW1341245121:381:4210:24050% 211
Tobias BjornfotD000-1500011:160:0000:0000% 000
Trey Fix-WolanskyLW/RW1122234022:341:4200:31067% 601
Buffalo Bisons
Player Name POS G A P +/- PIM HIT SHT SB MP PP MP PP SHT PK MP PK SHT FO% FOT GA TA
Aliaksei ProtasC/LW/RW101-2503019:421:2710:03029% 3501
Anthony AngelloC/RW0001023214:010:0001:59243% 1400
Billy SweezeyD000-2540118:060:5700:3300% 000
Bobby McMannLW/RW000-2223021:151:2700:26050% 210
Brett LeasonRW1341222016:141:0310:0000% 010
Declan CarlileD000-3001119:460:5700:3300% 001
Fabian ZetterlundRW000-2023119:360:0000:0000% 220
Joakim KemellRW0001013013:180:0000:00067% 311
Josiah SlavinLW011000108:160:0000:0000% 000
Layton AhacD0001001011:510:0001:5200% 010
Logan HutskoC/RW1121012016:091:0300:00064% 1400
Mackenzie EntwistleC/LW/RW213-1027019:301:2701:59033% 310
Pierrick DubeRW101001419:220:0000:2300% 100
Samuel FagemoLW/RW1121021012:511:0300:0000% 000
Sebastian AhoDD0552041129:261:3301:5200% 031
Shakir MukhamadullinD000-1011012:560:0000:0000% 001
Ty GloverC000001008:160:0000:00025% 400
Wyatt KalynukD0111011128:521:3300:0000% 003

Lowell Devils

5 vs 5 Forward
Line #Left WingCenterRight WingPHYDFOFWanted %Time %Time Play
1Tanner PearsonMatthew PhillipsTrey Fix-Wolansky1224037%20:15
2Radim ZohornaJack StudnickaLane Pederson1223028%15:09
3Arshdeep BainsJan JenikJaret Anderson-Dolan1222021%11:42
4Nick AbruzzeseRuslan IskhakovCross Hanas1221014%7:59
5 vs 5 Defense
Line #DefenseDefensePHYDFOFWanted %Time %Time Play
1Calen AddisonNikolai Knyzhov1224039%21:27
2Kyle CapobiancoCalle Rosen1223031%17:16
3Tobias BjornfotMatt Kiersted1222023%12:25
4Calen AddisonNikolai Knyzhov122107%3:57
Power Play Forward
Line #Left WingCenterRight WingPHYDFOFWanted %Time %Time Play
1Tanner PearsonMatthew PhillipsTrey Fix-Wolansky1226070%1:42
2Radim ZohornaJack StudnickaLane Pederson1224030%0:43
Power Play Defense
Line #DefenseDefensePHYDFOFWanted %Time %Time Play
1Calen AddisonNikolai Knyzhov1226087%2:06
2Calle RosenKyle Capobianco1224013%0:19
Penalty Kill 4 Players Forward
Line #CenterWingPHYDFOFWanted %Time %Time Play
1Trey Fix-WolanskyMatthew Phillips12260100%2:30
2Radim ZohornaJack Studnicka122400%0:00
Penalty Kill 4 Players Defense
Line #DefenseDefensePHYDFOFWanted %Time %Time Play
1Calen AddisonNikolai Knyzhov1226071%1:47
2Calle RosenKyle Capobianco1224029%0:43
Penalty Kill 3 Players
Line #WingPHYDFOFWanted %Time %Time PlayDefenseDefensePHYDFOFWanted %Time %Time Play
1Trey Fix-Wolansky122600%0:00 Calen AddisonNikolai Knyzhov122600%0:00
2Matthew Phillips122400%0:00 Calle RosenKyle Capobianco122400%0:00
4 vs 4 Forward
Line #CenterWingPHYDFOFWanted %Time %Time Play
1Trey Fix-WolanskyMatthew Phillips12260100%0:29
2Radim ZohornaJack Studnicka122400%0:00
4 vs 4 Defense
Line #DefensePHYDFOFWanted %Time %Time Play
1Calen AddisonNikolai Knyzhov1226097%60% - 0:28
2Calle RosenKyle Capobianco122403%40% - 0:01
Last Minutes Offensive
Left WingCenterRight WingDefenseDefense
Trey Fix-WolanskyMatthew PhillipsRadim ZohornaCalen AddisonNikolai Knyzhov
Last Minutes Defensive
Left WingCenterRight WingDefenseDefense
Trey Fix-WolanskyMatthew PhillipsRadim ZohornaCalen AddisonNikolai Knyzhov
Time
Total ForwardTotal DefenseLast Minutes OffensiveLast Minutes Defensive
60:29 60:29 0:000:00
Extra Forwards
Normal PowerPlayPenalty Kill
Tanner Pearson, Jaret Anderson-Dolan, Arshdeep BainsRuslan Iskhakov, Tanner PearsonArshdeep Bains
Extra Defensemen
Normal PowerPlayPenalty Kill
Calle Rosen, Matt Kiersted, Tobias BjornfotCalle Rosen, Matt KierstedTobias Bjornfot
Penalty Shots
Trey Fix-Wolansky, Matthew Phillips, Radim Zohorna, Jack Studnicka, Jaret Anderson-Dolan
Goalie
Dustin Wolf, Jesper Wallstedt
Scratches
Jack Rathbone (Healthy), Bobby Trivigno (Healthy), Mikhail Abramov (Healthy), Mac Hollowell (Healthy), Jack Ahcan (Healthy) Ozzy Wiesblatt (Healthy), Chad Nychuk (Healthy), Ville Koivunen (Healthy), Zach Sawchenko (Healthy), Mack Guzda (Healthy)

Buffalo Bisons

5 vs 5 Forward
Line #Left WingCenterRight WingPHYDFOFWanted %Time %Time Play
1Bobby McMannAliaksei ProtasFabian Zetterlund1224036%19:41
2Mackenzie EntwistleLogan HutskoBrett Leason1223027%15:06
3Samuel FagemoAnthony AngelloJoakim Kemell1222022%12:02
4Josiah SlavinTy GloverPierrick Dube1221015%8:16
5 vs 5 Defense
Line #DefenseDefensePHYDFOFWanted %Time %Time Play
1Sebastian AhoDWyatt Kalynuk1224034%18:50
2Billy SweezeyDeclan Carlile1223033%18:16
3Wyatt KalynukShakir Mukhamadullin1222019%10:35
4Layton AhacSebastian AhoD1221013%7:24
Power Play Forward
Line #Left WingCenterRight WingPHYDFOFWanted %Time %Time Play
1Mackenzie EntwistleAliaksei ProtasBobby McMann1226058%1:27
2Samuel FagemoLogan HutskoBrett Leason1224042%1:03
Power Play Defense
Line #DefenseDefensePHYDFOFWanted %Time %Time Play
1Sebastian AhoDWyatt Kalynuk1226062%1:33
2Billy SweezeyDeclan Carlile1224038%0:57
Penalty Kill 4 Players Forward
Line #CenterWingPHYDFOFWanted %Time %Time Play
1Anthony AngelloMackenzie Entwistle1226088%2:08
2Bobby McMannBrett Leason1224012%0:17
Penalty Kill 4 Players Defense
Line #DefenseDefensePHYDFOFWanted %Time %Time Play
1Sebastian AhoDLayton Ahac1226077%1:52
2Billy SweezeyDeclan Carlile1224023%0:33
Penalty Kill 3 Players
Line #WingPHYDFOFWanted %Time %Time PlayDefenseDefensePHYDFOFWanted %Time %Time Play
1Ty Glover122600%0:00 Sebastian AhoDLayton Ahac122600%0:00
2Mackenzie Entwistle122400%0:00 Billy SweezeyDeclan Carlile122400%0:00
4 vs 4 Forward
Line #CenterWingPHYDFOFWanted %Time %Time Play
1Aliaksei ProtasMackenzie Entwistle12260100%0:29
2Bobby McMannBrett Leason122400%0:00
4 vs 4 Defense
Line #DefensePHYDFOFWanted %Time %Time Play
1Sebastian AhoDLayton Ahac12260100%60% - 0:29
2Billy SweezeyDeclan Carlile122400%40% - 0:00
Last Minutes Offensive
Left WingCenterRight WingDefenseDefense
Mackenzie EntwistleAliaksei ProtasBobby McMannSebastian AhoDShakir Mukhamadullin
Last Minutes Defensive
Left WingCenterRight WingDefenseDefense
Mackenzie EntwistleAliaksei ProtasBobby McMannSebastian AhoDShakir Mukhamadullin
Time
Total ForwardTotal DefenseLast Minutes OffensiveLast Minutes Defensive
60:29 60:29 0:000:00
Extra Forwards
Normal PowerPlayPenalty Kill
Fabian Zetterlund, Joakim Kemell, Pierrick DubeFabian Zetterlund, Joakim KemellPierrick Dube
Extra Defensemen
Normal PowerPlayPenalty Kill
Wyatt Kalynuk, Shakir Mukhamadullin, Layton AhacWyatt Kalynuk, Shakir MukhamadullinLayton Ahac
Penalty Shots
Shakir Mukhamadullin, Mackenzie Entwistle, Bobby McMann, Brett Leason, Samuel Fagemo
Goalie
Filip Lindberg, Kevin Mandolese
Scratches
Tucker Poolman (Healthy), Frederic Allard (Healthy), Madison Bowey (Healthy), Collin Adams (Healthy), Connor Dewar (Healthy) Lukas Svejkovsky (Healthy), Zach Uens (Healthy)


Play-by-Play

1st period


0:01 of 1st period - Matthew Phillips wins face-off versus Fabian Zetterlund in neutral zone.
0:13 of 1st period - Aliaksei Protas and Matthew Phillips fight to a draw.
0:13 of 1st period - Penalty to Aliaksei Protas for Fighting.
0:13 of 1st period - Penalty to Matthew Phillips for Fighting.
0:14 of 1st period - Jack Studnicka wins face-off versus Logan Hutsko in neutral zone.
0:27 of 1st period - Wrist shot by Mackenzie Entwistle.
0:27 of 1st period - Stopped by Dustin Wolf without a rebound.
0:28 of 1st period - Jan Jenik wins face-off versus Anthony Angello in Lowell Devils zone.
0:42 of 1st period - Snap shot by Jaret Anderson-Dolan.
0:42 of 1st period - Stopped by Filip Lindberg without a rebound.
0:43 of 1st period - Ty Glover wins face-off versus Ruslan Iskhakov in Buffalo Bisons zone.
0:50 of 1st period - Wrist shot by Pierrick Dube.
0:50 of 1st period - Stopped by Dustin Wolf with a rebound.
0:52 of 1st period - Slapshot by Sebastian AhoD.
0:52 of 1st period - Shot Blocked by Cross Hanas.
0:54 of 1st period - Snap shot by Josiah Slavin.
0:54 of 1st period - Shot Misses the Net.
0:56 of 1st period - Slapshot by Sebastian AhoD.
0:56 of 1st period - Deflect By Pierrick Dube.
0:56 of 1st period - Goal by Pierrick Dube - Lowell Devils : 0 - Buffalo Bisons : 1.
0:57 of 1st period - Jaret Anderson-Dolan wins face-off versus Joakim Kemell in neutral zone.
1:11 of 1st period - Wrist shot by Trey Fix-Wolansky.
1:11 of 1st period - Deflect By Tanner Pearson.
1:11 of 1st period - Shot Misses the Net.
1:11 of 1st period - Puck is out of play.
1:12 of 1st period - Logan Hutsko wins face-off versus Jack Studnicka in Buffalo Bisons zone.
1:27 of 1st period - Off-side.
1:28 of 1st period - Joakim Kemell wins face-off versus Tanner Pearson in neutral zone.
1:31 of 1st period - Wrist shot by Bobby McMann.
1:31 of 1st period - Stopped by Dustin Wolf with a rebound.
1:33 of 1st period - Slapshot by Wyatt Kalynuk.
1:33 of 1st period - Deflect By Bobby McMann.
1:33 of 1st period - Stopped by Dustin Wolf without a rebound.
1:34 of 1st period - Joakim Kemell wins face-off versus Jaret Anderson-Dolan in Lowell Devils zone.
1:41 of 1st period - Snap shot by Bobby McMann.
1:41 of 1st period - Shot Blocked by Tanner Pearson.
1:45 of 1st period - Wrist shot by Joakim Kemell.
1:45 of 1st period - Stopped by Dustin Wolf with a rebound.
1:47 of 1st period - Wrist shot by Fabian Zetterlund.
1:47 of 1st period - Shot Blocked by Calen Addison.
1:49 of 1st period - Wrist shot by Bobby McMann.
1:49 of 1st period - Shot Misses the Net.
3:10 of 1st period - Slapshot by Lane Pederson.
3:10 of 1st period - Shot Misses the Net.
3:12 of 1st period - Slapshot by Calle Rosen.
3:12 of 1st period - Stopped by Filip Lindberg with a rebound.
3:14 of 1st period - Snap shot by Jack Studnicka.
3:14 of 1st period - Goal by Jack Studnicka - Lowell Devils : 1 - Buffalo Bisons : 1.
3:15 of 1st period - Logan Hutsko wins face-off versus Jan Jenik in neutral zone.
3:42 of 1st period - Matt Kiersted is hit by Fabian Zetterlund and loses puck.
4:17 of 1st period - Slapshot by Ty Glover.
4:17 of 1st period - Shot Misses the Net.
4:34 of 1st period - Icing by Nikolai Knyzhov.
4:35 of 1st period - Ruslan Iskhakov wins face-off versus Pierrick Dube in Lowell Devils zone.
4:35 of 1st period - Ruslan Iskhakov is hit by Bobby McMann.
5:39 of 1st period - Wrist shot by Bobby McMann.
5:39 of 1st period - Stopped by Dustin Wolf with a rebound.
5:41 of 1st period - Backhand shot by Wyatt Kalynuk.
5:41 of 1st period - Stopped by Dustin Wolf with a rebound.
6:23 of 1st period - Snap shot by Jan Jenik.
6:23 of 1st period - Shot Misses the Net.
6:25 of 1st period - Snap shot by Jan Jenik.
6:25 of 1st period - Shot Misses the Net.
6:47 of 1st period - Slapshot by Mackenzie Entwistle.
6:47 of 1st period - Shot Misses the Net.
6:49 of 1st period - Wrist shot by Mackenzie Entwistle.
6:49 of 1st period - Stopped by Dustin Wolf with a rebound.
6:51 of 1st period - Wrist shot by Mackenzie Entwistle.
6:51 of 1st period - Goal by Mackenzie Entwistle - Lowell Devils : 1 - Buffalo Bisons : 2.
6:52 of 1st period - Matthew Phillips wins face-off versus Aliaksei Protas in neutral zone.
6:55 of 1st period - Fabian Zetterlund is hit by Nikolai Knyzhov and loses puck.
8:00 of 1st period - Snap shot by Trey Fix-Wolansky.
8:00 of 1st period - Shot Misses the Net.
9:08 of 1st period - Snap shot by Jack Studnicka.
9:08 of 1st period - Shot Blocked by Wyatt Kalynuk.
9:10 of 1st period - Snap shot by Radim Zohorna.
9:10 of 1st period - Stopped by Filip Lindberg with a rebound.
9:24 of 1st period - Snap shot by Trey Fix-Wolansky.
9:24 of 1st period - Deflect By Matthew Phillips.
9:24 of 1st period - Shot Misses the Net.
9:24 of 1st period - Puck is out of play.
9:25 of 1st period - Matthew Phillips wins face-off versus Ty Glover in Buffalo Bisons zone.
10:10 of 1st period - Icing by Matt Kiersted.
10:11 of 1st period - Jan Jenik wins face-off versus Anthony Angello in Lowell Devils zone.
10:21 of 1st period - Off-side.
10:22 of 1st period - Aliaksei Protas wins face-off versus Matthew Phillips in neutral zone.
10:38 of 1st period - Snap shot by Matthew Phillips.
10:38 of 1st period - Shot Misses the Net.
11:48 of 1st period - Matt Kiersted is hit by Shakir Mukhamadullin and loses puck.
11:55 of 1st period - Tobias Bjornfot is hit by Anthony Angello.
12:05 of 1st period - Joakim Kemell is hit by Matthew Phillips and loses puck.
13:02 of 1st period - Slapshot by Aliaksei Protas.
13:02 of 1st period - Stopped by Dustin Wolf without a rebound.
13:03 of 1st period - Ruslan Iskhakov wins face-off versus Aliaksei Protas in Lowell Devils zone.
13:35 of 1st period - Off-side.
13:36 of 1st period - Logan Hutsko wins face-off versus Matthew Phillips in neutral zone.
13:51 of 1st period - Brett Leason is hit by Trey Fix-Wolansky.
14:41 of 1st period - Matt Kiersted is hit by Brett Leason and loses puck.
15:35 of 1st period - Lane Pederson is hit by Ty Glover and loses puck.
16:08 of 1st period - Icing by Sebastian AhoD.
16:09 of 1st period - Anthony Angello wins face-off versus Matthew Phillips in Buffalo Bisons zone.
16:16 of 1st period - Tanner Pearson is hit by Sebastian AhoD and loses puck.
16:38 of 1st period - Off-side.
16:39 of 1st period - Jack Studnicka wins face-off versus Aliaksei Protas in neutral zone.
16:44 of 1st period - Icing by Wyatt Kalynuk.
16:45 of 1st period - Matthew Phillips wins face-off versus Aliaksei Protas in Buffalo Bisons zone.
16:51 of 1st period - Icing by Fabian Zetterlund.
16:52 of 1st period - Matthew Phillips wins face-off versus Aliaksei Protas in Buffalo Bisons zone.
16:54 of 1st period - Minor Penalty to Trey Fix-Wolansky for Slashing.
16:55 of 1st period - Mackenzie Entwistle wins face-off versus Arshdeep Bains in Lowell Devils zone.
16:55 of 1st period - Wrist shot by Aliaksei Protas.
16:55 of 1st period - Shot Blocked by Calen Addison.
16:57 of 1st period - Snap shot by Bobby McMann.
16:57 of 1st period - Deflect By Mackenzie Entwistle.
16:57 of 1st period - Shot Misses the Net.
16:57 of 1st period - Puck is out of play.
16:58 of 1st period - Aliaksei Protas wins face-off versus Arshdeep Bains in Lowell Devils zone.
17:13 of 1st period - Snap shot by Aliaksei Protas.
17:13 of 1st period - Stopped by Dustin Wolf with a rebound.
18:03 of 1st period - Aliaksei Protas is hit by Matthew Phillips and loses puck.
18:28 of 1st period - Bobby McMann is hit by Tanner Pearson.
18:54 of 1st period - Penalty to Trey Fix-Wolansky is over, Trey Fix-Wolansky is back on ice.
19:01 of 1st period - Snap shot by Ty Glover.
19:01 of 1st period - Shot Misses the Net.
19:03 of 1st period - Snap shot by Pierrick Dube.
19:03 of 1st period - Shot Misses the Net.
19:10 of 1st period - Slapshot by Josiah Slavin.
19:10 of 1st period - Stopped by Dustin Wolf with a rebound.
19:55 of 1st period - Icing by Calen Addison.
19:56 of 1st period - Aliaksei Protas wins face-off versus Jack Studnicka in Lowell Devils zone.
19:57 of 1st period - Snap shot by Fabian Zetterlund.
19:57 of 1st period - Shot Misses the Net.
19:59 of 1st period - Snap shot by Bobby McMann.
19:59 of 1st period - Shot Misses the Net.
Goals for this period are 1 for Lowell Devils vs 2 for Buffalo Bisons.
Shots for this period are 4 for Lowell Devils vs 13 for Buffalo Bisons.

2nd period


0:01 of 2nd period - Tanner Pearson wins face-off versus Bobby McMann in neutral zone.
0:15 of 2nd period - Minor Penalty to Bobby McMann for High sticking.
0:16 of 2nd period - Anthony Angello wins face-off versus Matthew Phillips in Buffalo Bisons zone.
0:26 of 2nd period - Mackenzie Entwistle is hit by Tanner Pearson and loses puck.
0:31 of 2nd period - Wrist shot by Tanner Pearson.
0:31 of 2nd period - Stopped by Filip Lindberg without a rebound.
0:32 of 2nd period - Matthew Phillips wins face-off versus Anthony Angello in Buffalo Bisons zone.
0:35 of 2nd period - Snap shot by Trey Fix-Wolansky.
0:35 of 2nd period - Shot Blocked by Anthony Angello.
0:39 of 2nd period - Wrist shot by Tanner Pearson.
0:39 of 2nd period - Shot Misses the Net.
0:41 of 2nd period - Slapshot by Nikolai Knyzhov.
0:41 of 2nd period - Goal by Nikolai Knyzhov - Lowell Devils : 2 - Buffalo Bisons : 2.
0:42 of 2nd period - Aliaksei Protas wins face-off versus Matthew Phillips in neutral zone.
1:07 of 2nd period - Snap shot by Lane Pederson.
1:07 of 2nd period - Stopped by Filip Lindberg with a rebound.
1:09 of 2nd period - Snap shot by Radim Zohorna.
1:09 of 2nd period - Shot Misses the Net.
1:11 of 2nd period - Snap shot by Lane Pederson.
1:11 of 2nd period - Stopped by Filip Lindberg with a rebound.
1:13 of 2nd period - Snap shot by Lane Pederson.
1:13 of 2nd period - Shot Misses the Net.
1:15 of 2nd period - Wrist shot by Jack Studnicka.
1:15 of 2nd period - Stopped by Filip Lindberg with a rebound.
1:31 of 2nd period - Wrist shot by Joakim Kemell.
1:31 of 2nd period - Shot Blocked by Jaret Anderson-Dolan.
1:33 of 2nd period - Slapshot by Sebastian AhoD.
1:33 of 2nd period - Shot Misses the Net.
1:35 of 2nd period - Snap shot by Joakim Kemell.
1:35 of 2nd period - Stopped by Dustin Wolf with a rebound.
1:37 of 2nd period - Wrist shot by Joakim Kemell.
1:37 of 2nd period - Stopped by Dustin Wolf without a rebound.
1:38 of 2nd period - Matthew Phillips wins face-off versus Aliaksei Protas in Lowell Devils zone.
1:38 of 2nd period - Matthew Phillips is hit by Billy Sweezey.
2:11 of 2nd period - Wrist shot by Radim Zohorna.
2:11 of 2nd period - Stopped by Filip Lindberg without a rebound.
2:12 of 2nd period - Jack Studnicka wins face-off versus Logan Hutsko in Buffalo Bisons zone.
2:18 of 2nd period - Off-side.
2:19 of 2nd period - Logan Hutsko wins face-off versus Jack Studnicka in neutral zone.
2:58 of 2nd period - Slapshot by Lane Pederson.
2:58 of 2nd period - Shot Misses the Net.
3:00 of 2nd period - Slapshot by Kyle Capobianco.
3:00 of 2nd period - Stopped by Filip Lindberg with a rebound.
3:02 of 2nd period - Slapshot by Radim Zohorna.
3:02 of 2nd period - Lowell Devils goal is going for a video replay.
3:02 of 2nd period - The goal is refused. The attacking player has interfered with a goalkeeper in his goal crease..
3:03 of 2nd period - Matthew Phillips wins face-off versus Aliaksei Protas in Buffalo Bisons zone.
3:28 of 2nd period - Arshdeep Bains is hit by Sebastian AhoD and loses puck.
3:51 of 2nd period - Snap shot by Pierrick Dube.
3:51 of 2nd period - Stopped by Dustin Wolf without a rebound.
3:52 of 2nd period - Matthew Phillips wins face-off versus Ty Glover in Lowell Devils zone.
4:24 of 2nd period - Billy Sweezey and Tobias Bjornfot fight to a draw.
4:24 of 2nd period - Penalty to Billy Sweezey for Fighting.
4:24 of 2nd period - Penalty to Tobias Bjornfot for Fighting.
4:25 of 2nd period - Matthew Phillips wins face-off versus Aliaksei Protas in Buffalo Bisons zone.
4:30 of 2nd period - Snap shot by Trey Fix-Wolansky.
4:30 of 2nd period - Shot Misses the Net.
4:32 of 2nd period - Slapshot by Calen Addison.
4:32 of 2nd period - Shot Blocked by Sebastian AhoD.
4:34 of 2nd period - Backhand shot by Nikolai Knyzhov.
4:34 of 2nd period - Shot Hit the Post.
4:38 of 2nd period - Wrist shot by Trey Fix-Wolansky.
4:38 of 2nd period - Shot Misses the Net.
4:40 of 2nd period - Wrist shot by Tanner Pearson.
4:40 of 2nd period - Shot Misses the Net.
4:50 of 2nd period - Jan Jenik is hit by Logan Hutsko and loses puck.
5:17 of 2nd period - Slapshot by Jack Studnicka.
5:17 of 2nd period - Stopped by Filip Lindberg with a rebound.
5:22 of 2nd period - Off-side.
5:23 of 2nd period - Trey Fix-Wolansky wins face-off versus Aliaksei Protas in neutral zone.
5:28 of 2nd period - Wrist shot by Trey Fix-Wolansky.
5:28 of 2nd period - Stopped by Filip Lindberg without a rebound.
5:29 of 2nd period - Matthew Phillips wins face-off versus Aliaksei Protas in Buffalo Bisons zone.
6:16 of 2nd period - Jan Jenik is hit by Sebastian AhoD and loses puck.
6:29 of 2nd period - Anthony Angello is hit by Matt Kiersted and loses puck.
7:11 of 2nd period - Snap shot by Anthony Angello.
7:11 of 2nd period - Stopped by Dustin Wolf with a rebound.
7:13 of 2nd period - Slapshot by Sebastian AhoD.
7:13 of 2nd period - Stopped by Dustin Wolf with a rebound.
7:15 of 2nd period - Snap shot by Wyatt Kalynuk.
7:15 of 2nd period - Deflect By Samuel Fagemo.
7:15 of 2nd period - Goal by Samuel Fagemo - Lowell Devils : 2 - Buffalo Bisons : 3.
7:16 of 2nd period - Matthew Phillips wins face-off versus Fabian Zetterlund in neutral zone.
7:23 of 2nd period - Snap shot by Matthew Phillips.
7:23 of 2nd period - Shot Misses the Net.
7:25 of 2nd period - Slapshot by Nikolai Knyzhov.
7:25 of 2nd period - Stopped by Filip Lindberg with a rebound.
7:27 of 2nd period - Snap shot by Nikolai Knyzhov.
7:27 of 2nd period - Shot Blocked by Fabian Zetterlund.
7:29 of 2nd period - Wrist shot by Matthew Phillips.
7:29 of 2nd period - Goal by Matthew Phillips - Lowell Devils : 3 - Buffalo Bisons : 3.
7:30 of 2nd period - Aliaksei Protas wins face-off versus Matthew Phillips in neutral zone.
7:40 of 2nd period - Off-side.
7:41 of 2nd period - Matthew Phillips wins face-off versus Aliaksei Protas in neutral zone.
7:44 of 2nd period - Fabian Zetterlund is hit by Matthew Phillips.
9:15 of 2nd period - Backhand shot by Nick Abruzzese.
9:15 of 2nd period - Shot Misses the Net.
9:35 of 2nd period - Snap shot by Jack Studnicka.
9:35 of 2nd period - Stopped by Filip Lindberg with a rebound.
10:03 of 2nd period - Snap shot by Anthony Angello.
10:03 of 2nd period - Shot Misses the Net.
10:25 of 2nd period - Snap shot by Trey Fix-Wolansky.
10:25 of 2nd period - Shot Misses the Net.
11:01 of 2nd period - Snap shot by Ruslan Iskhakov.
11:01 of 2nd period - Stopped by Filip Lindberg with a rebound.
11:28 of 2nd period - Slapshot by Jan Jenik.
11:28 of 2nd period - Stopped by Filip Lindberg without a rebound.
11:29 of 2nd period - Aliaksei Protas wins face-off versus Trey Fix-Wolansky in Buffalo Bisons zone.
11:38 of 2nd period - Trey Fix-Wolansky is hit by Bobby McMann and loses puck.
11:55 of 2nd period - Jack Studnicka is hit by Billy Sweezey and loses puck.
12:00 of 2nd period - Slapshot by Logan Hutsko.
12:00 of 2nd period - Stopped by Dustin Wolf with a rebound.
12:02 of 2nd period - Slapshot by Shakir Mukhamadullin.
12:02 of 2nd period - Stopped by Dustin Wolf without a rebound.
12:03 of 2nd period - Bobby McMann wins face-off versus Jack Studnicka in Lowell Devils zone.
12:16 of 2nd period - Fabian Zetterlund is hit by Lane Pederson and loses puck.
13:15 of 2nd period - Slapshot by Aliaksei Protas.
13:15 of 2nd period - Shot Blocked by Nikolai Knyzhov.
13:17 of 2nd period - Wrist shot by Aliaksei Protas.
13:17 of 2nd period - Shot Misses the Net.
13:19 of 2nd period - Snap shot by Fabian Zetterlund.
13:19 of 2nd period - Stopped by Dustin Wolf without a rebound.
13:20 of 2nd period - Matthew Phillips wins face-off versus Mackenzie Entwistle in Lowell Devils zone.
13:35 of 2nd period - Billy Sweezey is hit by Matthew Phillips and loses puck.
13:46 of 2nd period - Kyle Capobianco is hit by Samuel Fagemo and loses puck.
13:51 of 2nd period - Snap shot by Joakim Kemell.
13:51 of 2nd period - Shot Misses the Net.
13:53 of 2nd period - Snap shot by Anthony Angello.
13:53 of 2nd period - Deflect By Kyle Capobianco.
13:53 of 2nd period - Shot Misses the Net.
13:53 of 2nd period - Puck is out of play.
13:54 of 2nd period - Matthew Phillips wins face-off versus Anthony Angello in Lowell Devils zone.
13:54 of 2nd period - Matthew Phillips is hit by Samuel Fagemo.
14:06 of 2nd period - Slapshot by Sebastian AhoD.
14:06 of 2nd period - Deflect By Anthony Angello.
14:06 of 2nd period - Shot Misses the Net.
14:06 of 2nd period - Puck is out of play.
14:07 of 2nd period - Logan Hutsko wins face-off versus Matthew Phillips in Lowell Devils zone.
14:10 of 2nd period - Wrist shot by Logan Hutsko.
14:10 of 2nd period - Shot Blocked by Calen Addison.
14:12 of 2nd period - Snap shot by Mackenzie Entwistle.
14:12 of 2nd period - Stopped by Dustin Wolf with a rebound.
14:14 of 2nd period - Snap shot by Mackenzie Entwistle.
14:14 of 2nd period - Stopped by Dustin Wolf without a rebound.
14:15 of 2nd period - Matthew Phillips wins face-off versus Logan Hutsko in Lowell Devils zone.
14:17 of 2nd period - Minor Penalty to Tanner Pearson for Roughing.
14:18 of 2nd period - Trey Fix-Wolansky wins face-off versus Aliaksei Protas in Lowell Devils zone.
14:48 of 2nd period - Snap shot by Brett Leason.
14:48 of 2nd period - Goal by Brett Leason - Lowell Devils : 3 - Buffalo Bisons : 4.
14:49 of 2nd period - Matthew Phillips wins face-off versus Aliaksei Protas in neutral zone.
15:04 of 2nd period - Slapshot by Trey Fix-Wolansky.
15:04 of 2nd period - Stopped by Filip Lindberg without a rebound.
15:05 of 2nd period - Logan Hutsko wins face-off versus Jack Studnicka in Buffalo Bisons zone.
15:18 of 2nd period - Snap shot by Mackenzie Entwistle.
15:18 of 2nd period - Goal by Mackenzie Entwistle - Lowell Devils : 3 - Buffalo Bisons : 5.
15:19 of 2nd period - Matthew Phillips wins face-off versus Aliaksei Protas in neutral zone.
15:27 of 2nd period - Aliaksei Protas is hit by Matthew Phillips and loses puck.
15:51 of 2nd period - Slapshot by Fabian Zetterlund.
15:51 of 2nd period - Stopped by Dustin Wolf without a rebound.
15:52 of 2nd period - Matthew Phillips wins face-off versus Logan Hutsko in Lowell Devils zone.
15:59 of 2nd period - Snap shot by Trey Fix-Wolansky.
15:59 of 2nd period - Deflect By Matthew Phillips.
15:59 of 2nd period - Shot Blocked by Billy Sweezey.
15:59 of 2nd period - Puck is out of play.
16:00 of 2nd period - Logan Hutsko wins face-off versus Matthew Phillips in Buffalo Bisons zone.
16:00 of 2nd period - Logan Hutsko is hit by Matthew Phillips.
16:34 of 2nd period - Snap shot by Tanner Pearson.
16:34 of 2nd period - Stopped by Filip Lindberg with a rebound.
16:36 of 2nd period - Snap shot by Trey Fix-Wolansky.
16:36 of 2nd period - Shot Misses the Net.
16:38 of 2nd period - Slapshot by Calle Rosen.
16:38 of 2nd period - Deflect By Matthew Phillips.
16:38 of 2nd period - Shot Misses the Net.
16:38 of 2nd period - Puck is out of play.
16:39 of 2nd period - Jack Studnicka wins face-off versus Aliaksei Protas in Buffalo Bisons zone.
16:40 of 2nd period - Slapshot by Calen Addison.
16:40 of 2nd period - Stopped by Filip Lindberg with a rebound.
17:01 of 2nd period - Bobby McMann is hit by Nikolai Knyzhov and loses puck.
17:25 of 2nd period - Snap shot by Fabian Zetterlund.
17:25 of 2nd period - Shot Misses the Net.
17:27 of 2nd period - Snap shot by Declan Carlile.
17:27 of 2nd period - Deflect By Calen Addison.
17:27 of 2nd period - Stopped by Dustin Wolf with a rebound.
17:47 of 2nd period - Nikolai Knyzhov is hit by Billy Sweezey and loses puck.
18:10 of 2nd period - Snap shot by Fabian Zetterlund.
18:10 of 2nd period - Shot Misses the Net.
18:12 of 2nd period - Slapshot by Aliaksei Protas.
18:12 of 2nd period - Shot Misses the Net.
18:14 of 2nd period - Slapshot by Declan Carlile.
18:14 of 2nd period - Deflect By Fabian Zetterlund.
18:14 of 2nd period - Stopped by Dustin Wolf without a rebound.
18:15 of 2nd period - Matthew Phillips wins face-off versus Logan Hutsko in Lowell Devils zone.
18:15 of 2nd period - Matthew Phillips is hit by Wyatt Kalynuk.
18:22 of 2nd period - Off-side.
18:23 of 2nd period - Logan Hutsko wins face-off versus Matthew Phillips in neutral zone.
18:26 of 2nd period - Trey Fix-Wolansky is hit by Brett Leason and loses puck.
18:49 of 2nd period - Snap shot by Tanner Pearson.
18:49 of 2nd period - Stopped by Filip Lindberg with a rebound.
18:51 of 2nd period - Wrist shot by Matthew Phillips.
18:51 of 2nd period - Shot Misses the Net.
18:55 of 2nd period - Wrist shot by Trey Fix-Wolansky.
18:55 of 2nd period - Goal by Trey Fix-Wolansky - Lowell Devils : 4 - Buffalo Bisons : 5.
18:56 of 2nd period - Jan Jenik wins face-off versus Anthony Angello in neutral zone.
19:23 of 2nd period - Minor Penalty to Brett Leason for Tripping.
19:24 of 2nd period - Anthony Angello wins face-off versus Trey Fix-Wolansky in Buffalo Bisons zone.
19:24 of 2nd period - Anthony Angello is hit by Calen Addison.
19:38 of 2nd period - Wrist shot by Anthony Angello.
19:38 of 2nd period - Stopped by Dustin Wolf with a rebound.
19:52 of 2nd period - Wrist shot by Calen Addison.
19:52 of 2nd period - Stopped by Filip Lindberg with a rebound.
19:54 of 2nd period - Slapshot by Nikolai Knyzhov.
19:54 of 2nd period - Stopped by Filip Lindberg with a rebound.
19:56 of 2nd period - Slapshot by Nikolai Knyzhov.
19:56 of 2nd period - Stopped by Filip Lindberg with a rebound.
19:58 of 2nd period - Snap shot by Calen Addison.
19:58 of 2nd period - Shot Misses the Net.
Goals for this period are 3 for Lowell Devils vs 3 for Buffalo Bisons.
Shots for this period are 23 for Lowell Devils vs 17 for Buffalo Bisons.

3rd period


0:01 of 3rd period - Anthony Angello wins face-off versus Matthew Phillips in neutral zone.
0:03 of 3rd period - Off-side.
0:04 of 3rd period - Anthony Angello wins face-off versus Matthew Phillips in neutral zone.
0:09 of 3rd period - Wrist shot by Mackenzie Entwistle.
0:09 of 3rd period - Shot Misses the Net.
0:11 of 3rd period - Snap shot by Anthony Angello.
0:11 of 3rd period - Stopped by Dustin Wolf without a rebound.
0:12 of 3rd period - Matthew Phillips wins face-off versus Anthony Angello in Lowell Devils zone.
0:12 of 3rd period - Matthew Phillips is hit by Mackenzie Entwistle.
0:18 of 3rd period - Slapshot by Calen Addison.
0:18 of 3rd period - Shot Misses the Net.
1:23 of 3rd period - Penalty to Brett Leason is over, Brett Leason is back on ice.
2:32 of 3rd period - Wrist shot by Joakim Kemell.
2:32 of 3rd period - Shot Misses the Net.
2:36 of 3rd period - Snap shot by Pierrick Dube.
2:36 of 3rd period - Stopped by Dustin Wolf with a rebound.
3:14 of 3rd period - Slapshot by Radim Zohorna.
3:14 of 3rd period - Deflect By Joakim Kemell.
3:14 of 3rd period - Shot Misses the Net.
3:14 of 3rd period - Puck is out of play.
3:15 of 3rd period - Jan Jenik wins face-off versus Anthony Angello in Buffalo Bisons zone.
3:16 of 3rd period - Slapshot by Calen Addison.
3:16 of 3rd period - Stopped by Filip Lindberg with a rebound.
3:18 of 3rd period - Slapshot by Calen Addison.
3:18 of 3rd period - Shot Misses the Net.
3:20 of 3rd period - Slapshot by Calen Addison.
3:20 of 3rd period - Shot Blocked by Anthony Angello.
3:30 of 3rd period - Snap shot by Jan Jenik.
3:30 of 3rd period - Stopped by Filip Lindberg with a rebound.
4:05 of 3rd period - Calle Rosen is hit by Billy Sweezey.
4:32 of 3rd period - Snap shot by Jack Studnicka.
4:32 of 3rd period - Stopped by Filip Lindberg with a rebound.
4:34 of 3rd period - Snap shot by Calle Rosen.
4:34 of 3rd period - Stopped by Filip Lindberg with a rebound.
4:44 of 3rd period - Matt Kiersted is hit by Joakim Kemell and loses puck.
5:03 of 3rd period - Sebastian AhoD is hit by Tanner Pearson and loses puck.
5:45 of 3rd period - Nikolai Knyzhov is hit by Pierrick Dube and loses puck.
6:04 of 3rd period - Joakim Kemell is hit by Calen Addison and loses puck.
6:11 of 3rd period - Billy Sweezey is hit by Nikolai Knyzhov and loses puck.
6:15 of 3rd period - Icing by Billy Sweezey.
6:16 of 3rd period - Anthony Angello wins face-off versus Radim Zohorna in Buffalo Bisons zone.
6:31 of 3rd period - Joakim Kemell is hit by Radim Zohorna and loses puck.
6:54 of 3rd period - Snap shot by Matthew Phillips.
6:54 of 3rd period - Shot Misses the Net.
7:10 of 3rd period - Wrist shot by Mackenzie Entwistle.
7:10 of 3rd period - Stopped by Dustin Wolf with a rebound.
7:12 of 3rd period - Snap shot by Logan Hutsko.
7:12 of 3rd period - Shot Misses the Net.
7:14 of 3rd period - Slapshot by Layton Ahac.
7:14 of 3rd period - Stopped by Dustin Wolf without a rebound.
7:15 of 3rd period - Logan Hutsko wins face-off versus Matthew Phillips in Lowell Devils zone.
7:30 of 3rd period - Slapshot by Tanner Pearson.
7:30 of 3rd period - Goal by Tanner Pearson - Lowell Devils : 5 - Buffalo Bisons : 5.
7:31 of 3rd period - Matthew Phillips wins face-off versus Aliaksei Protas in neutral zone.
8:01 of 3rd period - Brett Leason is hit by Radim Zohorna and loses puck.
9:30 of 3rd period - Slapshot by Kyle Capobianco.
9:30 of 3rd period - Stopped by Filip Lindberg with a rebound.
9:56 of 3rd period - Jan Jenik is hit by Anthony Angello and loses puck.
10:10 of 3rd period - Slapshot by Matt Kiersted.
10:10 of 3rd period - Deflect By Nick Abruzzese.
10:10 of 3rd period - Shot Blocked by Pierrick Dube.
10:10 of 3rd period - Puck is out of play.
10:11 of 3rd period - Ruslan Iskhakov wins face-off versus Ty Glover in Buffalo Bisons zone.
10:14 of 3rd period - Wrist shot by Ruslan Iskhakov.
10:14 of 3rd period - Shot Misses the Net.
10:16 of 3rd period - Snap shot by Ruslan Iskhakov.
10:16 of 3rd period - Stopped by Filip Lindberg with a rebound.
10:18 of 3rd period - Slapshot by Nick Abruzzese.
10:18 of 3rd period - Shot Misses the Net.
10:20 of 3rd period - Slapshot by Nikolai Knyzhov.
10:20 of 3rd period - Stopped by Filip Lindberg with a rebound.
10:22 of 3rd period - Slapshot by Calen Addison.
10:22 of 3rd period - Deflect By Ruslan Iskhakov.
10:22 of 3rd period - Stopped by Filip Lindberg without a rebound.
10:23 of 3rd period - Matthew Phillips wins face-off versus Aliaksei Protas in Buffalo Bisons zone.
10:26 of 3rd period - Snap shot by Tanner Pearson.
10:26 of 3rd period - Deflect By Trey Fix-Wolansky.
10:26 of 3rd period - Stopped by Filip Lindberg without a rebound.
10:27 of 3rd period - Matthew Phillips wins face-off versus Aliaksei Protas in Buffalo Bisons zone.
10:28 of 3rd period - Slapshot by Calen Addison.
10:28 of 3rd period - Shot Misses the Net.
10:53 of 3rd period - Wrist shot by Nikolai Knyzhov.
10:53 of 3rd period - Shot Misses the Net.
11:03 of 3rd period - Backhand shot by Brett Leason.
11:03 of 3rd period - Shot Misses the Net.
11:39 of 3rd period - Wrist shot by Nick Abruzzese.
11:39 of 3rd period - Goal by Nick Abruzzese - Lowell Devils : 6 - Buffalo Bisons : 5.
11:40 of 3rd period - Aliaksei Protas wins face-off versus Matthew Phillips in neutral zone.
11:43 of 3rd period - Slapshot by Sebastian AhoD.
11:43 of 3rd period - Shot Misses the Net.
11:45 of 3rd period - Wrist shot by Aliaksei Protas.
11:45 of 3rd period - Goal by Aliaksei Protas - Lowell Devils : 6 - Buffalo Bisons : 6.
11:46 of 3rd period - Matthew Phillips wins face-off versus Aliaksei Protas in neutral zone.
11:53 of 3rd period - Wrist shot by Matthew Phillips.
11:53 of 3rd period - Stopped by Filip Lindberg without a rebound.
11:54 of 3rd period - Matthew Phillips wins face-off versus Aliaksei Protas in Buffalo Bisons zone.
12:02 of 3rd period - Icing by Sebastian AhoD.
12:03 of 3rd period - Matthew Phillips wins face-off versus Aliaksei Protas in Buffalo Bisons zone.
12:04 of 3rd period - Slapshot by Tanner Pearson.
12:04 of 3rd period - Shot Misses the Net.
12:15 of 3rd period - Icing by Sebastian AhoD.
12:16 of 3rd period - Matthew Phillips wins face-off versus Aliaksei Protas in Buffalo Bisons zone.
12:19 of 3rd period - Snap shot by Tanner Pearson.
12:19 of 3rd period - Stopped by Filip Lindberg without a rebound.
12:20 of 3rd period - Aliaksei Protas wins face-off versus Matthew Phillips in Buffalo Bisons zone.
12:35 of 3rd period - Sebastian AhoD is hit by Trey Fix-Wolansky and loses puck.
12:46 of 3rd period - Lane Pederson is hit by Sebastian AhoD and loses puck.
12:55 of 3rd period - Snap shot by Jack Studnicka.
12:55 of 3rd period - Stopped by Filip Lindberg with a rebound.
13:05 of 3rd period - Snap shot by Sebastian AhoD.
13:05 of 3rd period - Shot Blocked by Calle Rosen.
13:58 of 3rd period - Snap shot by Pierrick Dube.
13:58 of 3rd period - Shot Misses the Net.
14:20 of 3rd period - Snap shot by Calen Addison.
14:20 of 3rd period - Deflect By Fabian Zetterlund.
14:20 of 3rd period - Goal by Calen Addison - Lowell Devils : 7 - Buffalo Bisons : 6.
14:21 of 3rd period - Aliaksei Protas wins face-off versus Matthew Phillips in neutral zone.
14:53 of 3rd period - Slapshot by Brett Leason.
14:53 of 3rd period - Shot Blocked by Nikolai Knyzhov.
14:55 of 3rd period - Slapshot by Wyatt Kalynuk.
14:55 of 3rd period - Shot Blocked by Radim Zohorna.
14:57 of 3rd period - Slapshot by Wyatt Kalynuk.
14:57 of 3rd period - Shot Blocked by Jack Studnicka.
14:59 of 3rd period - Wrist shot by Brett Leason.
14:59 of 3rd period - Stopped by Dustin Wolf without a rebound.
15:00 of 3rd period - Matthew Phillips wins face-off versus Anthony Angello in Lowell Devils zone.
15:29 of 3rd period - Snap shot by Mackenzie Entwistle.
15:29 of 3rd period - Shot Misses the Net.
15:31 of 3rd period - Snap shot by Mackenzie Entwistle.
15:31 of 3rd period - Shot Misses the Net.
15:33 of 3rd period - Wrist shot by Logan Hutsko.
15:33 of 3rd period - Goal by Logan Hutsko - Lowell Devils : 7 - Buffalo Bisons : 7.
15:34 of 3rd period - Aliaksei Protas wins face-off versus Jaret Anderson-Dolan in neutral zone.
16:00 of 3rd period - Brett Leason is hit by Tanner Pearson and loses puck.
16:58 of 3rd period - Snap shot by Jan Jenik.
16:58 of 3rd period - Shot Blocked by Declan Carlile.
17:18 of 3rd period - Jaret Anderson-Dolan is hit by Mackenzie Entwistle and loses puck.
17:31 of 3rd period - Slapshot by Jan Jenik.
17:31 of 3rd period - Stopped by Filip Lindberg with a rebound.
17:33 of 3rd period - Snap shot by Arshdeep Bains.
17:33 of 3rd period - Stopped by Filip Lindberg without a rebound.
17:34 of 3rd period - Matthew Phillips wins face-off versus Aliaksei Protas in Buffalo Bisons zone.
19:02 of 3rd period - Calle Rosen is hit by Fabian Zetterlund and loses puck.
19:24 of 3rd period - Icing by Sebastian AhoD.
19:25 of 3rd period - Jaret Anderson-Dolan wins face-off versus Aliaksei Protas in Buffalo Bisons zone.
Goals for this period are 3 for Lowell Devils vs 2 for Buffalo Bisons.
Shots for this period are 17 for Lowell Devils vs 7 for Buffalo Bisons.

Overtime #1


0:01 of 1st overtime period - Trey Fix-Wolansky wins face-off versus Mackenzie Entwistle in neutral zone.
0:04 of 1st overtime period - Layton Ahac is hit by Trey Fix-Wolansky and loses puck.
0:15 of 1st overtime period - Wrist shot by Aliaksei Protas.
0:15 of 1st overtime period - Shot Misses the Net.
0:27 of 1st overtime period - Icing by Sebastian AhoD.
0:28 of 1st overtime period - Trey Fix-Wolansky wins face-off versus Aliaksei Protas in Buffalo Bisons zone.
0:29 of 1st overtime period - Wrist shot by Matthew Phillips.
0:29 of 1st overtime period - Goal by Matthew Phillips - Lowell Devils : 8 - Buffalo Bisons : 7.
Goals for this period are 1 for Lowell Devils vs 0 for Buffalo Bisons.
Shots for this period are 1 for Lowell Devils vs 0 for Buffalo Bisons.




Output by the SimonT Hockey Simulator (STHS) for Eric Tremblay - Original Page W3C HTML5 Valid
Hockey Simulator - Hockey Simulation - Hockey Manager